 Dungeon Crawl Stone Soup version 0.25-a0-190-g27fffb8c76 (webtiles) character file.

Game seed: 16395336317034644021, levelgen mode: deterministic

140 Goreval the Poker (level 5, -7/41 HPs)
             Began as a Demonspawn Gladiator on Nov 30, 2019.
             Killed by divine providence
             ... invoked by an orc priest
              (14 damage)
             ... on level 3 of the Dungeon.
             The game lasted 00:03:45 (2573 turns).

Goreval the Poker (Demonspawn Gladiator)            Turns: 2573, Time: 00:03:46

Health: -7/41      AC:  9    Str: 16    XL:     5   Next: 2%
Magic:  5/5        EV: 10    Int:  9    God:
Gold:   235        SH:  0    Dex: 14    Spells: 4/4 levels left

rFire    + . .     SeeInvis .   a - +0 trident
rCold    . . .     Gourm    .   (no shield)
rNeg     . . .     Faith    .   y - +0 scale mail
rPois    .         Spirit   .   (helmet restricted)
rElec    .         Reflect  .   (no cloak)
rCorr    .         Harm     .   p - +0 pair of gloves
MR       .....                  (no boots)
Stlth    ..........             l - amulet of magic regeneration
HPRegen  0.13/turn              o - ring of protection from fire
MPRegen  0.34/turn              (no ring)

@: no status effects
A: antennae 1, icy blue scales 1
a: no special abilities


You were on level 3 of the Dungeon.
You were not hungry.

You visited 1 branch of the dungeon, and saw 3 of its levels.

You collected 235 gold pieces.

Inventory:

Hand Weapons
 a - a +0 trident (weapon)
Missiles
 d - 2 throwing nets
 n - 117 stones (quivered)
Armour
 b - a +0 leather armour
 c - a +0 helmet
 p - a +0 pair of gloves (worn)
 q - a +0 chain mail
 u - a +0 plate armour
 x - a +0 cloak
 y - a +0 scale mail (worn)
Jewellery
 l - an amulet of magic regeneration (around neck)
 o - a ring of protection from fire (left hand)
Wands
 w - a wand of paralysis (8)
Scrolls
 e - a scroll of fear {unknown}
 i - a scroll of teleportation
 r - a scroll of noise {unknown}
 s - a scroll of blinking {unknown}
 t - 3 scrolls of remove curse {unknown}
Potions
 g - 3 potions of agility {unknown}
 h - 2 potions of brilliance {unknown}
 j - a potion of haste {unknown}
 k - 3 potions of curing {unknown}
 m - 2 potions of heal wounds {unknown}
Comestibles
 f - 3 rations


   Skills:
 + Level 3.1 Fighting
 * Level 4.3 Polearms
 - Level 1.7 Throwing
 + Level 1.3 Armour
 - Level 2.6 Dodging


You had 4 spell levels left.
You didn't know any spells.
Your spell library was empty.

Dungeon Overview and Level Annotations

Branches:
Dungeon (3/15)

Altars:


Innate Abilities, Weirdness & Mutations

You have a pair of small antennae on your head.
You are partially covered in icy blue scales. (AC +2)


Message History

* * * LOW HITPOINT WARNING * * *
Attack whom?
Aim: an orc priest, wielding a +0 flail and wearing a +0 leather armour You reach to attack!
You hit the orc priest but do no damage.
The orc hits you but does no damage.
Attack whom?
Aim: an orc priest, wielding a +0 flail and wearing a +0 leather armour The orc is in the way.
You hit the orc.
You kill the orc!
The orc priest casts a cantrip, but nothing happens.
Attack whom?
Aim: an orc priest, wielding a +0 flail and wearing a +0 leather armour The orc is in the way.
You hit the orc. The orc hits you but does no damage.
Attack whom?
Aim: an orc priest, wielding a +0 flail and wearing a +0 leather armour The orc is in the way.
You hit the orc.
The orc priest calls down the wrath of Beogh upon you.
Beogh smites you!
You die...

########## o>o.o...o#
########o################
#@#..............#
#.#.############.#
#.#.#.#........#.#
#.#.#.#.######.#.# #.#.#...#
#.#.#
#.########.#.##########.#.#
#.#...)....#............#.#
#.#.###########...........#
###.#.#..............(......#


You could see an orc priest and an orc.

Vanquished Creatures
  A hound skeleton (D:2)
  3 gnolls (D:3)
  5 adders
  An ooze (D:1)
  2 worms (D:3)
  2 dart slugs
  2 leopard geckos
  An orc (D:3)
  A giant cockroach (D:2)
  3 goblins
  3 hobgoblins
  2 jackals (D:3)
  5 kobolds
  2 quokkas (D:3)
  A ball python (D:1)
  4 bats
  3 frilled lizards
  2 rats (D:3)
43 creatures vanquished.

Notes
Turn   | Place    | Note
-------+----------+-------------------------------------------
     0 | D:1      | Goreval the Demonspawn Gladiator began the quest for the
                  | Orb.
     0 | D:1      | Reached XP level 1. HP: 16/16 MP: 1/1
    66 | D:1      | Reached skill level 3 in Polearms
   251 | D:1      | Gained mutation: You are partially covered in icy blue
                  | scales. (AC +2) [demonic ancestry]
   251 | D:1      | Reached XP level 2. HP: 22/22 MP: 2/2
   808 | D:2      | Reached XP level 3. HP: 24/28 MP: 3/3
  1156 | D:2      | Gained mutation: You have a pair of small antennae on your
                  | head. [demonic ancestry]
  1156 | D:2      | Reached XP level 4. HP: 34/34 MP: 4/4
  1857 | D:3      | Reached skill level 4 in Polearms
  1880 | D:3      | Paralysed by a hobgoblin for 2 turns
  1896 | D:3      | Paralysed by a hobgoblin for 2 turns
  1925 | D:3      | Reached skill level 1 in Armour
  2565 | D:3      | Reached XP level 5. HP: 30/41 MP: 5/5
  2573 | D:3      | Killed from afar by an orc priest

Levels and vault maps discovered:
D:1:      wander_arrival_chamber, layout_loops_cross,
          corexii_item_surrounded_by_moat, minmay_hexomino_u4
D:2:      layout_loops_ring, nicolae_overflow_hidden_temple
D:3:      wander_river, layout_basic

Skill      XL: |  1  2  3  4 |
---------------+-------------+-----
Polearms       | 3 4 |  4.3
Fighting       | 3 |  3.1
Armour         | 1 |  1.3
Throwing       | |  1.7
Dodging        | |  2.6

Action                   |  1- 3 |  4- 6 || total
-------------------------+-------+-------++-------
Melee: Trident           |    77 |    85 ||   162
Throw: Throwing net      |       |     1 ||     1
  Use: Scroll            |       |     1 ||     1
 Stab: Sleeping          |     1 |       ||     1
  Eat: Chunk             |     1 |     4 ||     5
Armor: Leather armour    |    11 |       ||    11
       Chain mail        |    20 |    30 ||    50
       Scale mail        |       |     8 ||     8
Dodge: Dodged            |    45 |    29 ||    74

Table legend:
 A = Non-vault XP
 B = Vault XP
 C = Vault XP percentage of total XP
 D = Non-vault monster count
 E = Vault monster count
 F = Vault count percentage of total count
                 A         B        C        D         E       F
            +---------+---------+-------+---------+---------+-------
      Total |     191 |      10 |   5.0 |      39 |       4 |   9.3
            +---------+---------+-------+---------+---------+-------
        D:1 |      13 |      10 |  43.5 |       5 |       4 |  44.4
        D:2 |      75 |       0 |   0.0 |      15 |       0 |   0.0
        D:3 |     103 |       0 |   0.0 |      19 |       0 |   0.0
            +---------+---------+-------+---------+---------+-------
